 Dungeon Crawl Stone Soup version 0.24.0-1-gfbc8707122 (webtiles) character file.

Game seed: 863615181189248691, levelgen mode: deterministic

164 Alarkh the Ruffian (level 5, -2/36 HPs)
             Began as a Demonspawn Fighter on Oct 27, 2019.
             Was an Initiate of Hepliaklqana.
             Slain by an orc
             ... wielding a +0 flail
              (5 damage)
             ... on level 3 of the Dungeon.
             The game lasted 00:03:15 (2113 turns).

Alarkh the Ruffian (Demonspawn Fighter)             Turns: 2113, Time: 00:03:16

Health: -2/36      AC:  6    Str: 17    XL:     5   Next: 21%
Magic:  5/5        EV:  6    Int: 10    God:    Hepliaklqana [......]
Gold:   129        SH:  8    Dex: 12    Spells: 4/4 levels left

rFire    . . .     SeeInvis .     - Unarmed
rCold    . . .     Gourm    .   b - +0 shield
rNeg     . . .     Faith    .   a - +0 scale mail
rPois    .         Spirit   .   (no helmet)
rElec    .         Reflect  .   (no cloak)
rCorr    .         Harm     .   (no gloves)
MR       .....                  (no boots)
Stlth    ..........             (no amulet)
HPRegen  0.12/turn              m - ring of wizardry
MPRegen  0.09/turn              (no ring)

@: slowed, heavily drained, very slow
A: reduced essence, claws 2
a: Recall Ancestor, Ancestor Identity, Renounce Religion


You were on level 3 of the Dungeon.
You worshipped Hepliaklqana.
Hepliaklqana was noncommittal.
You were not hungry.

You visited 1 branch of the dungeon, and saw 3 of its levels.

You collected 129 gold pieces.

Inventory:

Armour
 a - a +0 scale mail (worn)
 b - a +0 shield (worn)
Jewellery
 g - an uncursed amulet of harm
 m - a ring of wizardry (left claw)
Scrolls
 j - a scroll of magic mapping {unknown}
 k - 2 scrolls of identify {unknown}
 n - a scroll of random uselessness {unknown}
 q - a scroll of remove curse {unknown}
Potions
 c - 2 potions of might
 e - a potion of agility {unknown}
 f - a potion of brilliance
 h - a potion of flight {unknown}
 i - 2 potions of lignification
 l - a potion of magic {unknown}
 o - a potion of curing {unknown}
 p - a potion of heal wounds
Comestibles
 d - 7 rations


   Skills:
 - Level 3.0(1.8) Fighting
 - Level 2.6(1.5) Armour
 - Level 2.6(1.5) Shields
 + Level 5.0(3.8) Unarmed Combat


You had 4 spell levels left.
You didn't know any spells.
Your spell library was empty.

Dungeon Overview and Level Annotations

Branches:
Dungeon (3/15)

Altars:
Cheibriados
Fedhas
Hepliaklqana
Nemelex Xobeh

Annotations:
D:3 Grinder


Innate Abilities, Weirdness & Mutations

You have very sharp fingernails.
Your life essence is reduced to manifest your ancestor. (-10% HP)


Message History

Pain shoots through your body! You block the orc's attack.
The orc hits you with a +0 flail.
Thoko closely misses Grinder.
You scratch Grinder.
Grinder is severely wounded.
The orc wizard points at you and mumbles some strange words.
You feel yourself slow down. Grinder hits you.
You writhe in agony.
You block the orc's attack. The orc wizard barely misses you.
Thoko hits Grinder.
An orc comes into view. It is wielding a +0 mace.
You block the orc's attack.
Unknown command.
You scratch Grinder but do no damage.
Grinder is almost dead.
The orc wizard hits you but does no damage.
Grinder gestures at you. Pain shoots through your body!
* * * LOW HITPOINT WARNING * * *
The orc hits you but does no damage.
Thoko closely misses Grinder.
The orc hits you with a +0 flail.
You die...

#.# #.# #.. ..#
## #o## ##.# #..
.#..>##.#
#.....#o####.###
......o@R.......
......o5.###.###
.#........##.#
#.
.............#
#.#
#######.######
#.# ### #.# #.#
#.. #.# #.# #.#
##'## #.# #.#
##...## #.#####


You could see the friendly Thoko the ancestor, Grinder, an orc wizard and 3
orcs.

Vanquished Creatures
  Jessica (D:2)
  An adder (D:2)
  An ooze (D:2)
  A worm (D:2)
  2 dart slugs (D:1)
  3 leopard geckos (D:2)
  3 orcs (D:3)
  5 bats
  3 giant cockroaches
  8 goblins
  3 hobgoblins
  6 jackals (D:2)
  A quokka (D:2)
  5 frilled lizards
  6 kobolds
  10 rats
59 creatures vanquished.

Vanquished Creatures (collateral kills)
  An orc priest (D:3)
  2 adders
  A worm (D:2)
  A kobold (D:2)
5 creatures vanquished.

Grand Total: 64 creatures vanquished

Notes
Turn   | Place    | Note
-------+----------+-------------------------------------------
     0 | D:1      | Alarkh the Demonspawn Fighter began the quest for the Orb.
     0 | D:1      | Reached XP level 1. HP: 18/18 MP: 1/1
    12 | D:1      | Reached skill level 2 in Unarmed Combat
   272 | D:1      | Gained mutation: You have sharp fingernails. [demonic
                  | ancestry]
   272 | D:1      | Reached XP level 2. HP: 24/24 MP: 2/2
   638 | D:1      | Reached skill level 3 in Unarmed Combat
   934 | D:2      | Reached XP level 3. HP: 17/29 MP: 3/3
  1068 | D:2      | Noticed Jessica
  1078 | D:2      | Killed Jessica
  1078 | D:2      | Reached skill level 4 in Unarmed Combat
  1078 | D:2      | Gained mutation: You have very sharp fingernails. [demonic
                  | ancestry]
  1078 | D:2      | Reached XP level 4. HP: 5/35 MP: 4/4
  1654 | D:2      | Found a sparkling altar of Nemelex Xobeh.
  1666 | D:2      | Found a blossoming altar of Fedhas.
  1691 | D:2      | Found a hazy altar of Hepliaklqana.
  1696 | D:2      | Became a worshipper of Hepliaklqana the Forgotten
  1828 | D:2      | Found a snail-covered altar of Cheibriados.
  2017 | D:3      | Reached XP level 5. HP: 31/36 MP: 5/5
  2019 | D:3      | Reached skill level 5 in Unarmed Combat
  2096 | D:3      | Noticed Grinder
  2106 | D:3      | Paralysed by Grinder for 3 turns
  2113 | D:3      | Slain by an orc

Levels and vault maps discovered:
D:1:      dpeg_arrival_chambers_temple_mockup, layout_loops_corners
D:2:      layout_basic, nicolae_overflow_quartered_altars, first_ration,
          kennysheep_generic_room_3, uniq_jessica
D:3:      layout_loops_corners, uniq_natasha, uniq_grinder

Skill      XL: |  1  2  3  4  5 |
---------------+----------------+-----
Unarmed Combat | 2 3 4 5 |  5.0
Fighting       | |  3.0
Armour         | |  2.6
Shields        | |  2.6

Action                   |  1- 3 |  4- 6 || total
-------------------------+-------+-------++-------
Melee: Unarmed           |   138 |    86 ||   224
Invok: Ancestor Identity |       |     1 ||     1
  Use: Potion            |     1 |     2 ||     3
  Eat: Chunk             |       |     4 ||     4
Armor: Scale mail        |    53 |    37 ||    90
       Skin              |     4 |     8 ||    12
Dodge: Dodged            |    31 |    22 ||    53
Block: Shield            |    48 |    38 ||    86
